 Dungeon Crawl Stone Soup version 0.19-a0-1206-g6bcb79c (webtiles) character file.

29147 Gorice the Carver (level 13, -4/94 HPs)
             Began as a Demonspawn Monk on Aug 20, 2016.
             Was the Champion of Okawaru.
             Slain by an orc warrior
             ... wielding a +0 long sword
              (26 damage)
             ... on level 2 of the Orcish Mines on Aug 21, 2016.
             The game lasted 01:42:01 (23774 turns).

Gorice the Carver (Demonspawn Monk)                Turns: 23774, Time: 01:42:02

Health: -4/94      AC: 26    Str: 17    XL:     13   Next: 13%
Magic:  19/19      EV:  8    Int: 12    God:    Okawaru [******]
Gold:   1034       SH:  0    Dex: 15    Spells: 2 memorised, 8 levels left

rFire  + . .     SeeInvis +     P - +2 sword of Power
rCold  . . .     Gourm    +     S - +0 plate armour
rNeg   . . .     Faith    .     (shield currently unavailable)
rPois  +         Spirit   .     r - +0 helmet
rElec  .         Dismiss  .     J - +0 cloak
rCorr  +         Reflect  .     M - +0 pair of gloves
MR     .....     Harm     .     v - +1 pair of boots
Stlth  ..........               H - amulet of the gourmand
                                N - ring of poison resistance
                                d - ring of see invisible

@: no status effects
A: talons 2, yellow scales 3, blink, fire resistance 1, powered by death 1,
flame cloud immunity
a: Blink, Heroism, Finesse, Renounce Religion


You were on level 2 of the Orcish Mines.
You worshipped Okawaru.
Okawaru was exalted by your worship.
You were completely stuffed.

You visited 4 branches of the dungeon, and saw 18 of its levels.
You also visited: Sewer.

You collected 1139 gold pieces.
You spent 105 gold pieces at shops.

Inventory:

Hand Weapons
 a - a +2 great sword
 b - a +0 hunting sling of flaming
   (You found it on level 7 of the Dungeon)
 p - a +1 scimitar of protection
   (You acquired it on level 2 of the Lair of Beasts)
 A - the +5 long sword of the Volcano {slice, rC+ Str+3 Int+4}
   (Okawaru gifted it to you on level 12 of the Dungeon)

   It inflicts extra damage upon your enemies.
   It affects your strength (+3).
   It affects your intelligence (+4).
   It protects you from cold.
 P - the +2 sword of Power (weapon)
   (Okawaru gifted it to you on level 2 of the Orcish Mines)
Missiles
 w - 13 javelins
 y - 63 sling bullets
 C - 7 curare-tipped needles
 L - 3 tomahawks (quivered)
Armour
 r - a +0 helmet (worn)
 v - a +1 pair of boots (worn)
 J - a +0 cloak (worn)
 M - a +0 pair of gloves (worn)
 S - a +0 plate armour (worn)
Magical Staves
 j - an uncursed staff of cold
Jewellery
 d - a ring of see invisible (left hand)
 H - an amulet of the gourmand (around neck)
 N - a ring of poison resistance (right hand)
Wands
 o - a wand of polymorph (7/24)
 q - a wand of acid (11/15)
 E - a wand of slowing (20/48)
 Q - a wand of enslavement (12/24)
Scrolls
 f - a scroll of magic mapping {!r}
 i - 7 scrolls of remove curse
 n - 9 scrolls of teleportation {!r}
 x - a scroll of enchant armour
 G - 6 scrolls of blinking
 W - 4 scrolls of fog
Potions
 e - a potion of cancellation {!q}
 g - 3 potions of haste {!q}
 k - 4 potions of might {!q}
 m - 4 potions of lignification {!q}
 s - a potion of brilliance {!q}
 t - 4 potions of heal wounds {!q}
 z - a potion of curing
 B - a potion of magic {!q}
 D - a potion of ambrosia
 F - 2 potions of agility {!q}
 I - a potion of invisibility {!q}
 K - 2 potions of resistance {!q}
 R - a potion of berserk rage
Books
 u - a book of the Dragon
Miscellaneous
 l - a lamp of fire
 T - a box of beasts
Comestibles
 c - 12 bread rations {!e}
 h - 17 fruits
 O - 5 chunks of flesh


   Skills:
 + Level 6.4 Fighting
 - Level 14.0 Long Blades
 + Level 11.9 Armour
 - Level 5.3 Dodging
 - Level 1.7 Stealth
 + Level 8.2 Invocations


You had 8 spell levels left.
You knew the following spells:

 Your Spells              Type           Power        Failure   Level  Hunger
J - Blink                 Tloc           N/A          100%        2    ###....
M - Repel Missiles        Chrm/Air       #.....       100%        2    ###....


Dungeon Overview and Level Annotations

Branches:
Dungeon (12/15)            Temple (1/1) D:4            Lair (3/6) D:11
    Orc (2/2) D:12
  Swamp: Lair:2-4    Shoals: Lair:2-4     Snake: Lair:2-4    Spider: Lair:2-4
    Elf: Orc:2

Altars:
Ashenzari
Cheibriados
Dithmenos
Elyvilon
Fedhas
Gozag
Hepliaklqana
Kikubaaqudgha
Makhleb
Nemelex Xobeh
Okawaru
Qazlal
Ru
Sif Muna
Trog
Uskayaw
Vehumet
Xom
Yredelemnul
Zin
The Shining One
Beogh

Shops:
D:6 (   D:7 ([   D:10 [   D:11 *(:}

Annotations:
Lair:1 Gastronok
Lair:3 pUX: 8hhydra


Innate Abilities, Weirdness & Mutations

You have razor-sharp toenails.
You are completely covered in yellow scales. (AC +4, rCorr)
Your flesh is heat resistant. (rF+)
You regenerate a little health from kills.
You are immune to clouds of flame.
You can translocate small distances at will.


Message History

The orc knight hits you but does no damage.
An orc priest comes into view.
You completely miss the orc knight.
The orc knight is severely wounded.
The orc priest shouts!
The orc knight roars a battlecry!
The orcs go into a battle-frenzy!
The orc knight barely misses you.
You slice the orc knight!!
The orc knight is almost dead.
The orc priest looks braver for a moment.
The orc warrior barely misses you.
You riposte.
You closely miss the orc warrior.
The orc knight hits you with a long sword!
Damage: 11 (max 13)
You slash the orc knight!
You kill the orc knight!
Okawaru accepts your kill.
The orc priest calls down the wrath of Beogh upon you.
Beogh smites you!
The orc warrior hits you but does no damage.
Damage: 9 (max 13)
You hit the orc warrior but do no damage.
You slash the orc warrior!
The orc warrior is heavily wounded.
The orc warrior hits you but does no damage.
You closely miss the orc warrior.
The orc warrior is heavily wounded.
The orc warrior closely misses you. The orc hits you but does no damage.
Your plate armour prevents you from hitting the orc warrior.
The orc warrior is heavily wounded.
The orc warrior hits you with a long sword!
* * * LOW HITPOINT WARNING * * *
An orc comes into view. It is wielding a short sword.
Damage: 14 (max 14)
The orc shouts!
You hit the orc warrior.
The orc warrior is heavily wounded.
The orc completely misses you.
You closely miss the orc warrior.
The orc warrior is heavily wounded.
The orc warrior hits you with a long sword!
* * * LOW HITPOINT WARNING * * *
The orc hits you but does no damage.
Damage: 14 (max 14)
You slash the orc warrior!
The orc warrior is almost dead.
The orc priest hits you but does no damage.
The orc warrior hits you with a long sword!!
You die...

#..#..........#.##....
......................
.......................
...#.......#....###..C.
..................##....
.#.........##..........#
####.....####..........
##.#..o.#o..#......#
##.)@o.(#.#........
##..o..##.........
#....#.#.........
##......#........
#......##.#......
#.......#...#O....
##.###..##.###$... ##
#...### .... . ...


You could see an orc warrior, an orc priest and 2 orcs.

Vanquished Creatures
  Josephine (D:12)
  Fannar (D:12)
  Urug (D:12)
  3 skeletal warriors
  An unseen horror (D:8)
  An ugly thing (D:11)
  2 hill giants
  An orc knight (Orc:2)
  4 cyclopes
  An elephant (Lair:3)
  A griffon (Lair:2)
  3 black mambas
  3 centaur skeletons
  A kobold demonologist (D:10)
  2 komodo dragons
  3 trolls
  3 two-headed ogres
  A blink frog (Lair:3)
  5 wraiths
  15 yaks
  A hog (D:7)
  A wyvern (D:9)
  3 hippogriffs
  3 hungry ghosts
  2 wargs
  4 swamp worms
  3 water moccasins
  3 black bears
  13 orc warriors
  9 porcupines
  Duvessa (D:4)
  2 ice beasts
  6 sky beasts
  A wasp (D:12)
  An eye of draining (D:10)
  2 necrophages
  10 ogres
  3 phantoms
  8 wolves
  9 centaurs
  9 big kobolds
  2 crocodiles
  14 giant frogs
  Dowan (D:4)
  A wyvern zombie (D:9)
  4 scorpions
  6 killer bees (D:11)
  3 howler monkeys
  5 wights
  2 electric eels (D:11)
  7 crimson imps
  2 centaur zombies
  3 quasits
  9 hounds
  A gnoll shaman (D:4)
  11 orc priests
  Crazy Yiuf (D:7)
  3 jellies
  A giant frog skeleton (D:6)
  4 iguanas
  23 orc wizards
  5 worker ants
  8 sheep
  2 hound skeletons
  3 worker ant zombies
  Robin (D:4)
  5 gnolls
  13 adders
  42 river rats
  4 shadow imps
  4 oozes (Sewer)
  2 adder skeletons
  8 worms
  4 dart slugs
  4 giant geckos
  69 orcs
  7 giant cockroaches
  16 goblins
  8 hobgoblins
  7 jackals
  19 kobolds
  9 quokkas
  3 ball pythons (Sewer)
  7 bats
  2 giant gecko zombies
  6 giant newts
  A quokka skeleton (D:9)
  A quokka zombie (D:9)
  19 rats
529 creatures vanquished.

Vanquished Creatures (others)
  A shadow imp (D:5)
  6 fungi
  A plant (Lair:1)
8 creatures vanquished.

Grand Total: 537 creatures vanquished

Notes
Turn   | Place    | Note
-------+----------+-------------------------------------------
     0 | D:1      | Gorice the Demonspawn Monk began the quest for the Orb.
     0 | D:1      | Reached XP level 1. HP: 18/18 MP: 1/1
   156 | D:1      | Reached skill level 3 in Long Blades
   170 | D:1      | HP: 5/18 [dart slug/slug dart (8)]
   399 | D:1      | Gained mutation: You have sharp toenails. [demonic ancestry]
   399 | D:1      | Reached XP level 2. HP: 20/24 MP: 2/2
  1737 | D:1      | Gained mutation: You regenerate a little health from kills. [demonic ancestry]
  1737 | D:1      | Reached XP level 3. HP: 22/29 MP: 3/3
  1748 | D:1      | Reached skill level 4 in Long Blades
  1756 | D:1      | HP: 8/29 [poisoned by an adder]
  1763 | D:1      | HP: 7/29 [poisoned by an adder]
  1771 | D:1      | HP: 5/29 [poisoned by an adder]
  2315 | D:2      | HP: 8/29 [worm (4)]
  2659 | D:2      | Found a glowing golden altar of the Shining One.
  2864 | D:2      | You fall through a shaft!
  3065 | D:2      | Gained mutation: You are partially covered in yellow scales. (AC +2) [demonic ancestry]
  3065 | D:2      | Reached XP level 4. HP: 28/35 MP: 4/4
  3146 | D:2      | Found a shimmering altar of Xom.
  3147 | D:2      | Found a radiant altar of Vehumet.
  3414 | D:3      | Found a faded altar of an unknown god.
  3438 | D:3      | Reached skill level 5 in Long Blades
  3635 | D:3      | Noticed a hand axe
  3636 | D:3      | Noticed a dagger
  3663 | D:3      | Reached XP level 5. HP: 39/41 MP: 5/5
  4042 | D:3      | Found a hide-covered altar of Uskayaw.
  4784 | D:2      | Reached skill level 6 in Long Blades
  4784 | D:2      | Reached XP level 6. HP: 41/47 MP: 6/6
  5180 | D:4      | Noticed Robin
  5275 | D:3      | Reached skill level 7 in Long Blades
  5434 | D:4      | Reached XP level 7. HP: 52/52 MP: 7/7
  5465 | D:4      | Killed Robin
  5665 | D:4      | Found a staircase to the Ecumenical Temple.
  5678 | Temple   | Entered the Ecumenical Temple
  5886 | Temple   | Became a worshipper of Warmaster Okawaru
  5886 | Temple   | Reached * piety under Okawaru
  5886 | Temple   | Reached ** piety under Okawaru
  5985 | D:4      | Noticed Dowan
  5986 | D:4      | Noticed Duvessa
  6016 | D:4      | Killed Duvessa
  6016 | D:4      | Reached skill level 8 in Long Blades
  6062 | D:4      | Killed Dowan
  6167 | D:4      | Reached skill level 1 in Invocations
  6370 | D:4      | Gained mutation: You can translocate small distances at will. [potion of beneficial mutation]
  6502 | D:4      | Reached skill level 2 in Invocations
  6536 | D:4      | Reached skill level 3 in Invocations
  6706 | D:4      | Found a stormy altar of Qazlal.
  6869 | D:5      | Entered Level 5 of the Dungeon
  7000 | D:5      | Reached skill level 1 in Armour
  7000 | D:5      | Gained mutation: You are mostly covered in yellow scales. (AC +3) [demonic ancestry]
  7000 | D:5      | Reached XP level 8. HP: 25/58 MP: 10/10
  7240 | D:5      | Found a basalt altar of Yredelemnul.
  7242 | D:5      | Noticed a profane servitor
  7249 | D:5      | Found a glowing golden altar of the Shining One.
  7251 | D:5      | Noticed an angel
  7485 | D:4      | Reached skill level 2 in Armour
  7933 | D:4      | Reached skill level 9 in Long Blades
  7996 | D:4      | HP: 15/58 [wight/enchanted great sword (11)]
  8541 | D:6      | Reached skill level 3 in Armour
  8557 | D:6      | Found Iguwisk's Antique Weapon Boutique.
  8684 | D:6      | Found a glowing drain.
  8702 | Sewer    | Entered a sewer
  8706 | Sewer    | Upgraded the game from 0.19-a0-1201-gda63bca to 0.19-a0-1206-g6bcb79c
  8734 | Sewer    | Reached skill level 4 in Armour
  8971 | Sewer    | Reached *** piety under Okawaru
  8971 | Sewer    | Gained mutation: Your flesh is heat resistant. (rF+) [demonic ancestry]
  8971 | Sewer    | Reached XP level 9. HP: 51/63 MP: 11/11
  9408 | D:6      | Reached skill level 10 in Long Blades
  9408 | D:6      | Reached skill level 5 in Armour
 10222 | D:7      | Reached skill level 6 in Armour
 10237 | D:7      | Found Urel's Weapon Boutique.
 10336 | D:7      | Found a runed door.
 10340 | D:7      | Noticed Crazy Yiuf
 10345 | D:7      | Killed Crazy Yiuf
 10406 | D:7      | Reached **** piety under Okawaru
 10488 | D:7      | Found Gogo's Armour Shop.
 10586 | D:7      | Noticed Joseph
 10951 | D:7      | Noticed Joseph
 10951 | D:7      | Joseph changed into Joseph the hog
 10962 | D:7      | Killed Joseph the hog
 10962 | D:7      | Reached skill level 7 in Armour
 11167 | D:8      | Reached skill level 11 in Long Blades
 11167 | D:8      | Gained mutation: You have razor-sharp toenails. [demonic ancestry]
 11167 | D:8      | Reached XP level 10. HP: 70/70 MP: 12/12
 11390 | D:8      | Noticed an unseen horror
 11397 | D:8      | HP: 17/70 [orc warrior/glaive (12)]
 11850 | D:8      | Killed an unseen horror
 11850 | D:8      | Reached skill level 8 in Armour
 12477 | D:9      | Reached ***** piety under Okawaru
 12619 | D:9      | Received a gift from Okawaru
 12775 | D:9      | Reached skill level 12 in Long Blades
 12784 | D:9      | Reached skill level 9 in Armour
 12937 | D:10     | Entered Level 10 of the Dungeon
 13205 | D:10     | Noticed a rust devil
 13534 | D:10     | Gained mutation: You are completely covered in yellow scales. (AC +4, rCorr) [demonic ancestry]
 13534 | D:10     | Reached XP level 11. HP: 68/75 MP: 13/13
 13820 | D:10     | Found Soamul's Antique Armour Boutique.
 13835 | D:10     | Learned a level 2 spell: Blink
 13838 | D:10     | Learned a level 2 spell: Repel Missiles
 14158 | D:11     | Found Ipsey's Weapon Boutique.
 14189 | D:11     | Found Puguseu's General Store.
 14197 | D:11     | Bought a scroll of blinking for 105 gold pieces
 14452 | D:11     | Found Ceufieba's Gadget Emporium.
 14479 | D:11     | Found a radiant altar of Vehumet.
 14712 | D:11     | Reached skill level 10 in Armour
 14961 | D:11     | Noticed a hill giant
 15211 | D:11     | Killed a hill giant
 15373 | D:11     | Noticed a brown ugly thing
 15402 | D:11     | Killed a brown ugly thing
 15788 | D:11     | Found Eriusm's Book Boutique.
 16254 | D:11     | Found a staircase to the Lair.
 16265 | Lair:1   | Entered Level 1 of the Lair of Beasts
 16565 | Lair:1   | HP: 20/75 [black mamba (10)]
 16909 | Lair:1   | Reached skill level 13 in Long Blades
 16935 | Lair:1   | Reached skill level 3 in Dodging
 16974 | D:11     | Noticed an unseen horror
 17125 | D:11     | HP: 22/75 [unseen horror (8)]
 17135 | D:11     | HP: 21/75 [unseen horror (3)]
 17402 | D:11     | Noticed a skeletal warrior
 17721 | Lair:1   | Reached skill level 4 in Dodging
 18157 | Lair:1   | Noticed Gastronok
 18654 | Lair:2   | Reached skill level 5 in Dodging
 18904 | Lair:2   | Noticed a griffon
 18917 | Lair:2   | Killed a griffon
 18917 | Lair:2   | Reached XP level 12. HP: 55/81 MP: 14/14
 19288 | Lair:2   | Identified a scroll of acquirement
 19867 | Lair:3   | Noticed a six-headed hydra
 20084 | Lair:3   | Noticed an eight-headed hydra
 20552 | Lair:3   | Reached skill level 14 in Long Blades
 20770 | Lair:1   | HP: 23/81 [skeletal warrior/enchanted mace (10)]
 21070 | Lair:1   | Reached skill level 11 in Armour
 21165 | D:11     | Reached skill level 4 in Invocations
 21365 | D:12     | Reached skill level 4 in Fighting
 21633 | D:12     | Reached skill level 5 in Invocations
 21646 | D:12     | Reached ****** piety under Okawaru
 21686 | D:12     | Received a gift from Okawaru
 21734 | D:12     | Found a staircase to the Orcish Mines.
 21772 | D:12     | Found a roughly hewn altar of Beogh.
 21792 | D:12     | Reached skill level 5 in Fighting
 21792 | D:12     | Reached skill level 6 in Invocations
 21884 | D:12     | Received a gift from Okawaru
 21886 | D:12     | Got a slimy long sword {god gift}
 21887 | D:12     | Identified the +5 long sword of the Volcano {slice, rC+ Str+3 Int+4} (Okawaru gifted it to you on level 12 of the Dungeon)
 22150 | Orc:1    | Entered Level 1 of the Orcish Mines
 22150 | Orc:1    | Noticed Josephine
 22206 | D:12     | Killed Josephine
 22206 | D:12     | Reached skill level 7 in Invocations
 22223 | Orc:1    | Noticed Urug
 22325 | Orc:1    | Noticed Fannar
 22424 | D:12     | Killed Urug
 22684 | D:12     | Killed Fannar
 22954 | Orc:1    | Reached skill level 6 in Fighting
 22954 | Orc:1    | Gained mutation: You are immune to clouds of flame. [demonic ancestry]
 22954 | Orc:1    | Reached XP level 13. HP: 93/93 MP: 18/18
 23054 | Orc:2    | Entered Level 2 of the Orcish Mines
 23079 | Orc:1    | HP: 25/93 [orc warrior/long sword (11)]
 23527 | Orc:2    | Received a gift from Okawaru
 23527 | Orc:2    | Reached skill level 8 in Invocations
 23773 | Orc:2    | HP: 22/94 [orc warrior/long sword (14)]
 23774 | Orc:2    | Slain by an orc warrior

Vault maps used:
D:1:      dpeg_arrival_fog, serial_bayou, serial_bayou_pond_c,
          serial_bayou_lagoon_a, serial_bayou_ford_a, serial_bayou_shore_b
D:2:      gammafunk_temple_overflow_statue, first_bread,
          nicolae_tso_swordbearing_angel
D:3:      dancing_weapons_uskayaw, ecumenical_altar_1
D:4:      minmay_opposing_rooms, nicolae_qazlal_eye_of_the_storm, uniq_robin,
          uniq_duvessa
D:5:      grunt_temple_overflow_holy_war, st_stairs_14,
          hangedman_abyss_or_decor_stabs
D:6:      serial_shops, shop, portal_sewer_entry_b
D:7:      serial_shops, nicolae_shop_crystal, kennysheep_little_box,
          grunt_ogre_cave, uniq_joseph, uniq_crazy_yiuf_cottage
D:8:      minmay_curly_fans
D:10:     serial_shops, nicolae_shop_window_shopping
D:11:     erik_lair_island, serial_shops, shop_fountains,
          nicolae_shop_behind_doors, shop, nicolae_shop_behind_doors,
          basic_altar
D:12:     minmay_orc_entry_temple_small
Temple:   eino_temple_scatter_basement
Lair:1:   infiniplex_staircase_pool, serial_bayou_shore_b, uniq_gastronok
Lair:3:   nicolae_swamp_entry_splash_gauntlet, small_statue_intersection,
          st_stairs_6, minivault_19, beast_lair_carwin_4, serial_bayou_shore_b,
          serial_bayou_shore_b
Orc:1:    basic_altar, abandoned_shop, uniq_josephine, uniq_maurice,
          uniq_fannar, uniq_urug
Orc:2:    grunt_orc_gardens, grunt_orc_garden, grunt_orc_garden,
          grunt_orc_garden, grunt_orc_garden, serial_shops, shop
Sewer:    sewer_co_tree

Skill      XL: |  1  2  3  4  5  6  7  8  9 10 11 12 13 |
---------------+----------------------------------------+-----
Long Blades    | 3 4 5 6 7 8 9 11 12 13 14 | 14.0
Invocations    | 3 7 8 |  8.2
Armour         | 1 4 7 9 10 11 | 11.9
Dodging        | 5 |  5.3
Fighting       | 6 |  6.4
Stealth        | |  1.7

Action                   |  1- 3 |  4- 6 |  7- 9 | 10-12 | 13-15 || total
-------------------------+-------+-------+-------+-------+-------++-------
Melee: Falchion          |   161 |   255 |   317 |       |       ||   733
       Kick              |    33 |    78 |     3 |       |       ||   114
       Dagger            |       |     5 |       |       |       ||     5
       Great sword       |       |       |   341 |  1506 |   141 ||  1988
       Long sword        |       |       |       |    35 |       ||    35
 Fire: Hunting sling     |       |       |     7 |    60 |       ||    67
Throw: Stone             |     2 |    14 |    31 |     1 |       ||    48
       Tomahawk          |       |       |       |    20 |       ||    20
Invok: Heroism           |       |       |    10 |    19 |     1 ||    30
       Finesse           |       |       |       |     1 |       ||     1
Evoke: Wand              |       |       |     5 |     9 |       ||    14
  Use: Scroll            |     4 |     8 |    15 |    14 |       ||    41
       Potion            |       |       |     2 |     2 |       ||     4
 Stab: Sleeping          |     3 |     2 |       |       |       ||     5
  Eat: Chunk             |     5 |     8 |    15 |    57 |     3 ||    88
       Pizza             |     1 |       |       |     2 |       ||     3
       Meat ration       |       |       |     2 |       |       ||     2
Armor: Robe              |    13 |       |       |       |       ||    13
       Ring mail         |    13 |    82 |   179 |   420 |       ||   694
       Plate armour      |       |       |       |   320 |   110 ||   430
Dodge: Dodged            |    84 |   126 |   295 |   722 |    58 ||  1285

Table legend:
 A = Turns spent in this place as a percentage of turns spent in the entire game.
 B = Non-inter-level travel turns spent in this place as a percentage of non-inter-level travel turns spent in the entire game.
 C = Inter-level travel turns spent in this place as a percentage of turns spent in this place.
 D = Turns resting spent in this place as a percentage of non-inter-level travel turns spent in this place.
 E = Turns spent auto-exploring this place as a percentage of non-inter-level travel turns spent in this place.
 F = Non-inter-level travel turns spent in this place divided by the number of levels of this place that you've seen.
                   A       B       C       D       E      F
               +-------+-------+-------+-------+-------+----------------------
         Total | 100.0 | 100.0 |   0.6 |   2.9 |   3.8 | 445.4
       Dungeon |  71.3 |  71.3 |   0.6 |   3.1 |   3.9 | 502.5
        Temple |   0.3 |   0.3 |   8.3 |   0.0 |  81.8 |  22.0
          Lair |  18.0 |  18.0 |   0.8 |   2.6 |   3.9 | 508.3
  Orcish Mines |   3.7 |   3.8 |   0.3 |   4.4 |   1.9 | 159.0
         Sewer |   6.7 |   6.7 |   0.0 |   1.1 |   0.4 | 567.0
               +-------+-------+-------+-------+-------+----------------------

Vault maps used:
D:1:      dpeg_arrival_fog, serial_bayou, serial_bayou_pond_c,
          serial_bayou_lagoon_a, serial_bayou_ford_a, serial_bayou_shore_b
D:2:      gammafunk_temple_overflow_statue, first_bread,
          nicolae_tso_swordbearing_angel
D:3:      dancing_weapons_uskayaw, ecumenical_altar_1
D:4:      minmay_opposing_rooms, nicolae_qazlal_eye_of_the_storm, uniq_robin,
          uniq_duvessa
D:5:      grunt_temple_overflow_holy_war, st_stairs_14,
          hangedman_abyss_or_decor_stabs
D:6:      serial_shops, shop, portal_sewer_entry_b
D:7:      serial_shops, nicolae_shop_crystal, kennysheep_little_box,
          grunt_ogre_cave, uniq_joseph, uniq_crazy_yiuf_cottage
D:8:      minmay_curly_fans
D:10:     serial_shops, nicolae_shop_window_shopping
D:11:     erik_lair_island, serial_shops, shop_fountains,
          nicolae_shop_behind_doors, shop, nicolae_shop_behind_doors,
          basic_altar
D:12:     minmay_orc_entry_temple_small
Temple:   eino_temple_scatter_basement
Lair:1:   infiniplex_staircase_pool, serial_bayou_shore_b, uniq_gastronok
Lair:3:   nicolae_swamp_entry_splash_gauntlet, small_statue_intersection,
          st_stairs_6, minivault_19, beast_lair_carwin_4, serial_bayou_shore_b,
          serial_bayou_shore_b
Orc:1:    basic_altar, abandoned_shop, uniq_josephine, uniq_maurice,
          uniq_fannar, uniq_urug
Orc:2:    grunt_orc_gardens, grunt_orc_garden, grunt_orc_garden,
          grunt_orc_garden, grunt_orc_garden, serial_shops, shop
Sewer:    sewer_co_tree
